 Dungeon Crawl Stone Soup version 0.30-a0-870-gc5d4c5acee (webtiles) character file.

Game seed: 11936310270943898864

1712 Axe the Skirmisher (level 8, -1/71 HPs)
             Began as a Minotaur Hunter on Mar 11, 2023.
             Was a Follower of Cheibriados.
             Slain by an orc warrior
             ... wielding a +0 glaive
              (9 damage)
             ... on level 8 of the Dungeon.
             The game lasted 00:08:53 (6161 turns).

Axe the Skirmisher (Minotaur Hunter)                Turns: 6161, Time: 00:08:53

Health: -1/71      AC: 12    Str: 19    XL:     8   Next: 74%
Magic:  0/7        EV: 10    Int:  8    God:    Cheibriados [*.....]
Gold:   389        SH:  0    Dex: 17    Spells: 7/7 levels left

rFire   . . .      SeeInvis .    a - +0 shortbow
rCold   . . .      Faith    .    (shield currently unavailable)
rNeg    . . .      Spirit   +    n - +0 chain mail
rPois   .          Reflect  .    (helmet restricted)
rElec   .          Rampage  .    s - +0 cloak
rCorr   .                        o - +0 pair of gloves
Will    .....                    (no boots) Stlth
                                 d - amulet of guardian spirit
HPRegen 0.31/turn                (no ring)
MPRegen 0.10/turn                (no ring)

@: mighty, very slow
A: horns 2, retaliatory headbutt
a: Renounce Religion, Bend Time


You were on level 8 of the Dungeon.
You worshipped Cheibriados.
Cheibriados was aware of your devotion.
You visited 1 branch of the dungeon, and saw 8 of its levels.

You collected 389 gold pieces.

Inventory:

Hand Weapons
 a - a +0 shortbow (weapon)
Armour
 n - a +0 chain mail (worn)
 o - a +0 pair of gloves (worn)
 s - a +0 cloak (worn)
Jewellery
 d - an amulet of guardian spirit (around neck)
 I - an amulet of magic regeneration
 J - a ring of flight
Wands
 q - a wand of flame (41)
 z - a wand of mindburst (6)
 A - a wand of iceblast (4)
 C - a wand of charming (2)
 E - a wand of acid (8)
Scrolls
 b - 3 scrolls of immolation
 f - 2 scrolls of poison {unknown}
 g - 3 scrolls of magic mapping {unknown}
 h - a scroll of butterflies {unknown}
 i - a scroll of blinking {unknown}
 j - a scroll of vulnerability {unknown}
 l - 6 scrolls of teleportation {unknown}
 m - 7 scrolls of identify {unknown}
 r - 3 scrolls of fog {unknown}
 t - a scroll of brand weapon {unknown}
 w - a scroll of silence {unknown}
 x - 2 scrolls of amnesia {unknown}
 y - a scroll of enchant weapon {unknown}
 G - a scroll of noise {unknown}
Potions
 c - a potion of degeneration {unknown}
 k - a potion of might
 p - a potion of magic {unknown}
 u - a potion of haste {unknown}
 v - a potion of brilliance {unknown}
 B - a potion of berserk rage {unknown}
 D - 2 potions of invisibility {unknown}
 F - 2 potions of heal wounds {unknown}
 H - a potion of flight {unknown}


   Skills:
 + Level 6.4 Fighting
 * Level 9.0 Ranged Weapons
 + Level 5.8 Armour
 + Level 5.8 Dodging
 - Level 0.7 Stealth


You had 7 spell levels left.
You didn't know any spells.
Your spell library contained the following spells:

 Spells                   Type           Power      Damage    Failure   Level
 Apportation              Tloc           0%         N/A       99%         1
 Ensorcelled Hibernation  Hex/Ice        0%         N/A       100%        2
 Passwall                 Tmut/Erth      0%         N/A       100%        2
 Sublimation of Blood     Necr           0%         N/A       100%        2
 Wereblood                Tmut           0%         N/A       100%        2
 Swiftness                Air            0%         N/A       100%        3
 Alistair's Intoxication  Tmut/Pois      0%         N/A       100%        5
 Summon Hydra             Summ           0%         N/A       100%        7


Dungeon Overview and Level Annotations

Branches:
Dungeon (8/15)             Temple (0/1) D:7
   Lair: D:8-11

Altars:
Cheibriados
Elyvilon
Hepliaklqana
Nemelex Xobeh
Uskayaw
Yredelemnul
Zin


Innate Abilities, Weirdness & Mutations

You have a pair of horns on your head.
You reflexively headbutt those who attack you in melee.


Message History

The orc warrior hits you but does no damage.
You shoot an arrow.
The arrow hits the orc warrior but does no damage.
The orc warrior hits you from afar with a +0 glaive.
You are too injured to fight recklessly!
You are too injured to fight recklessly!
Fire: a) +0 shortbow
Press: ? - help, Q - select action, (/) - cycle Shift-Dir - straight line, f/p - orc warrior
Aim: an orc warrior, wielding a +0 glaive and wearing a +0 plate armour (67% to hit)
You shoot an arrow. The arrow hits the orc warrior.
The orc warrior is lightly wounded.
The orc warrior hits you but does no damage.
The orc warrior hits you from afar with a +0 glaive!
Fire: a) +0 shortbow
Press: ? - help, Q - select action, (/) - cycle Shift-Dir - straight line, f/p - orc warrior
Aim: an orc warrior, wielding a +0 glaive and wearing a +0 plate armour (lightly wounded, 67% to hit)
You shoot an arrow. The arrow hits the orc warrior.
The orc warrior is moderately wounded.
The orc warrior closely misses you.
Fire: a) +0 shortbow
Press: ? - help, Q - select action, (/) - cycle Shift-Dir - straight line, f/p - orc warrior
Aim: an orc warrior, wielding a +0 glaive and wearing a +0 plate armour (moderately wounded, 67% to hit)
You shoot an arrow. The arrow hits the orc warrior.
The orc warrior is heavily wounded.
The orc warrior hits you from afar with a +0 glaive!
* * * LOW HITPOINT WARNING * * *
The orc warrior barely misses you.
Fire: a) +0 shortbow
Press: ? - help, Q - select action, (/) - cycle Shift-Dir - straight line, f/p - orc warrior
Aim: an orc warrior, wielding a +0 glaive and wearing a +0 plate armour (heavily wounded, 67% to hit)
You shoot an arrow.
The arrow barely misses the orc warrior.
The arrow hits the orc.
The orc is lightly wounded.
The orc warrior hits you from afar with a +0 glaive.
* * * LOW HITPOINT WARNING * * *
It was a potion of might.
You feel very mighty all of a sudden.
The orc warrior hits you from afar with a +0 glaive!
You die...

#. #.. ##.. ##...
##### #..# ....#
###.# ######
###..####...###.<..#
#.)..))oo.@...#....#
#.....########......#
#...... ###....#
.....o. ##.###
.....$. ..# .#....o
### ......o ....oo.


You could see an orc warrior and an orc.

Vanquished Creatures
  A water moccasin (D:5)
  A sky beast (D:6)
  A black bear (D:6)
  A centaur (D:6)
  A phantom (D:6)
  2 bullfrogs (D:7)
  5 scorpions
  Blork the orc (D:5)
  3 hounds
  2 gnoll boudas (D:5)
  5 jellies
  An orc priest (D:5)
  A sleepcap (D:7)
  4 iguanas
  2 orc wizards
  A scorpion zombie (D:4)
  2 hound zombies (D:4)
  4 adders
  8 gnolls
  A white imp (D:7)
  An ufetubus (D:5)
  2 worms (D:2)
  2 dart slugs
  14 orcs
  4 ball pythons
  3 bats
  8 endoplasms
  A giant cockroach (D:1)
  2 goblins
  4 hobgoblins
  9 jackals
  A kobold (D:4)
  A quokka (D:3)
  3 frilled lizards
  A jackal zombie (D:4)
  8 rats
  A spectral hobgoblin (D:7)
112 creatures vanquished.

Notes
Turn   | Place    | Note
-------+----------+-------------------------------------------
     0 | D:1      | Axe the Minotaur Hunter began the quest for the Orb.
     0 | D:1      | Reached XP level 1. HP: 18/18 MP: 0/0
    95 | D:1      | Reached XP level 2. HP: 25/25 MP: 1/1
   408 | D:1      | Reached skill level 1 in Armour
  1237 | D:2      | Reached XP level 3. HP: 30/30 MP: 2/2
  1482 | D:2      | Found a hide-covered altar of Uskayaw.
  1491 | D:2      | Reached skill level 5 in Ranged Weapons
  1528 | D:2      | You fall into a shaft and drop 2 floors!
  1543 | D:4      | Reached XP level 4. HP: 30/38 MP: 3/3
  1936 | D:3      | Reached XP level 5. HP: 43/45 MP: 4/4
  2168 | D:3      | Found a glowing silver altar of Zin.
  2774 | D:4      | Found a basalt altar of Yredelemnul.
  2929 | D:4      | Reached skill level 6 in Ranged Weapons
  2929 | D:4      | Reached XP level 6. HP: 46/52 MP: 5/5
  3070 | D:5      | Entered Level 5 of the Dungeon
  3155 | D:5      | Noticed a water moccasin
  3160 | D:5      | Killed a water moccasin
  3161 | D:5      | Noticed Blork the orc
  3165 | D:5      | Killed Blork the orc
  3359 | D:5      | Identified the +8 quarterstaff "Giantslayer" {freeze, rF+}
  3384 | D:5      | Reached XP level 7. HP: 43/60 MP: 4/6
  3735 | D:5      | Reached skill level 7 in Ranged Weapons
  3975 | D:5      | Reached skill level 5 in Fighting
  4670 | D:6      | Reached skill level 5 in Dodging
  4670 | D:6      | Reached XP level 8. HP: 54/69 MP: 4/7
  4675 | D:6      | Reached skill level 8 in Ranged Weapons
  4737 | D:6      | Found a snail-covered altar of Cheibriados.
  4737 | D:6      | Found a white marble altar of Elyvilon.
  4746 | D:6      | Became a worshipper of Cheibriados the Contemplative
  4803 | D:6      | Reached skill level 5 in Armour
  5361 | D:7      | Found a staircase to the Ecumenical Temple.
  5805 | D:7      | Reached * piety under Cheibriados
  5808 | D:7      | Found a sparkling altar of Nemelex Xobeh.
  6070 | D:7      | Found a hazy altar of Hepliaklqana.
  6153 | D:8      | Reached skill level 9 in Ranged Weapons
  6161 | D:8      | Slain by an orc warrior

Illustrated notes

Levels and vault maps discovered:
D:1:      dpeg_arrival_refuge, layout_basic
D:2:      layout_basic, basic_altar, serial_glass, glass_columns_b,
          glass_columns_a, glass_columns_a, glass_columns_a, glass_columns_b,
          glass_columns_a, minmay_strange_pillars
D:3:      layout_loops_corners, lemuel_doored_altar
D:4:      layout_cave_pools, nicolae_yredelemnul_corpse_copse
D:5:      layout_loops_ring, minmay_misc_feat_encased, uniq_blork_the_orc
D:6:      layout_basic, mainiacjoe_overflow_divided_tiny
D:7:      layout_rooms, nemelex_spade_bored_becter,
          nicolae_hepliaklqana_monster_ancestors,
          minmay_temple_entry_glassed_door, lightli_orcish_oven
D:8:      layout_rooms, bloody_trog, grunt_temple_overflow_open,
          mainiacjoe_overflow_cross_hatched, fedhas_altar_2

Skill      XL: |  1  2  3  4  5  6  7  8 |
---------------+-------------------------+-----
Armour         | 1 2 3 4 5 |  5.8
Fighting       | 3 4 5 6 |  6.4
Ranged Weapons | 5 6 7 9 |  9.0
Dodging        | 3 4 5 |  5.8
Stealth        | |  0.7

Action                     |  1- 3 |  4- 6 |  7- 9 || total
---------------------------+-------+-------+-------++-------
   Fire: Shortbow          |    88 |   101 |   217 ||   406
  Evoke: Wand              |       |     5 |     1 ||     6
    Use: Potion            |       |       |     5 ||     5
 Armour: Ring mail         |     5 |       |       ||     5
         Chain mail        |     4 |    52 |   124 ||   180
  Dodge: Dodged            |    20 |    22 |   112 ||   154

Table legend: (Time is in decaauts)
 A = Elapsed time spent in this place.
 B = Non-inter-level travel time spent in this place.
 C = Inter-level travel time spent in this place.
 D = Time resting spent in this place.
 E = Time spent auto-exploring this place.
 F = Levels seen in this place.
 G = Mean time per level.
                   A        B        C        D        E       F      G
               +--------+--------+--------+--------+--------+-----+--------+
         Total |   6640 |   6468 |    172 |   1087 |   3992 |   8 |  830.0 |
       Dungeon |   6640 |   6468 |    172 |   1087 |   3992 |   8 |  830.0 |
               +--------+--------+--------+--------+--------+-----+--------+

Top non-repeatable levels by time:
     D:5: 1393 daAuts
     D:1: 1123 daAuts
     D:7: 1021 daAuts
     D:6: 999 daAuts
     D:3: 870 daAuts
     D:4: 630 daAuts
     D:2: 549 daAuts
     D:8: 52 daAuts
